 Dungeon Crawl Stone Soup version 0.29-a0-275-g389c0b56f3 (webtiles) character file.

Game seed: 11349153037317806188

79 oldriver the Shooter (level 4, -3/60 HPs)
             Began as a Naga Hunter on Mar 13, 2022.
             Slain by a gnoll
             ... wielding a +0 flail
              (8 damage)
             ... on level 2 of the Dungeon.
             The game lasted 00:02:16 (1789 turns).

oldriver the Shooter (Naga Hunter)                  Turns: 1789, Time: 00:02:17

Health: -3/60      AC:  2    Str: 16    XL:     4   Next: 38%
Magic:  4/4        EV:  9    Int: 11    God:
Gold:   71         SH:  0    Dex: 12    Spells: 3/3 levels left

rFire   . . .      SeeInvis +   a - +1 shortbow
rCold   . . .      Faith    .   (shield currently unavailable)
rNeg    . . .      Spirit   .   b - +0 leather armour
rPois   +          Reflect  .   (no helmet)
rElec   .          Harm     .   (no cloak)
rCorr   .          Rampage  .   (no gloves)
Will    .....                   (no barding)
Stlth   ..........              (no amulet)
HPRegen 0.20/turn               (no ring)
MPRegen 0.09/turn               (no ring)

@: berserking, quick
A: AC +1, large, see invisible, deformed body, poison resistance, slowness 2,
spit poison 1, naga tail 1
a: Spit Poison


You were on level 2 of the Dungeon.
You visited 1 branch of the dungeon, and saw 2 of its levels.

You collected 71 gold pieces.

Inventory:

Hand Weapons
 a - a +1 shortbow (weapon)
Armour
 b - a +0 leather armour (worn)
Scrolls
 c - 3 scrolls of immolation
 d - 3 scrolls of identify {unknown}
 e - a scroll of summoning {unknown}
 f - a scroll of enchant armour {unknown}
 i - a scroll of noise {unknown}
 l - a scroll of holy word {unknown}
 n - a scroll of teleportation {unknown}
Potions
 g - a potion of degeneration {unknown}
 h - a potion of lignification {unknown}
 k - 2 potions of curing
 m - a potion of heal wounds {unknown}


   Skills:
 + Level 2.7 Fighting
 * Level 4.5 Bows
 - Level 1.5 Dodging
 + Level 3.4 Stealth


You had 3 spell levels left.
You didn't know any spells.
Your spell library was empty.

Dungeon Overview and Level Annotations

Branches:
Dungeon (2/15)

Altars:


Innate Abilities, Weirdness & Mutations

Your serpentine skin is tough. (AC +1)
You have supernaturally acute eyesight. (SInv)
Armour fits poorly on your strangely shaped body.
Your system is resistant to poisons. (rPois)
You cover ground very slowly.
You can spit poison.
You have a snake-like lower body.


Message History

You shoot an arrow. The arrow hits the gnoll.
The gnoll is moderately wounded.
The gnoll hits you with a +0 flail!
Aiming: Spit Poison (1% risk of failure)
Press: ? - help, Shift-Dir - straight line, f/p - gnoll
Aim: a gnoll, wielding a +0 flail (moderately wounded, 65% to hit)
The splash of poison hits the gnoll but does no damage.
The gnoll is poisoned.
The gnoll is moderately wounded.
The gnoll hits you with a +0 flail!
You are too injured to fight recklessly!
You can't do that yet.
Unknown command.
You can't do that yet.
Shoot: a) +1 shortbow
Press: ? - help, Shift-Dir - straight line, f/p - gnoll
Aim: a gnoll, wielding a +0 flail (moderately wounded, poisoned, 65% to hit)
You shoot an arrow.
The arrow hits the gnoll but does no damage.
The gnoll is moderately wounded.
The gnoll hits you with a +0 flail!
* * * LOW HITPOINT WARNING * * *
Okay, then.
It was a potion of curing.
You feel better. The gnoll hits you with a +0 flail.
The gnoll hits you with a +0 whip!
* * * LOW HITPOINT WARNING * * *
It was a potion of berserk rage.
A red film seems to cover your vision as you go berserk!
You feel yourself moving faster!
You feel mighty!
You have got your breath back.
The gnoll hits you with a +0 flail.
* * * LOW HITPOINT WARNING * * *
The gnoll hits you with a +0 whip.
* * * LOW HITPOINT WARNING * * *
You are too berserk!
Really attack while wielding your +1 shortbow?
You completely miss the gnoll.
The gnoll is heavily wounded.
The gnoll hits you with a +0 flail!
You die...

... #. # .(# ..... #.#
.## ..# .....#+##.##
###.# .g#
...........##(.#.# ..#
............##.#.# g.#
.............#†#.##†.#
### #..........#..#..#
#..........#gg...#
#.....)..##.@##..#
#........###.# ..#
#####........# ###
.... .............#
.##?. .....#####.#.#
.# .... .....# #.#.#
.. ... )....# #.#.# ##
.. .....# #.#.# .....+


You could see 2 gnolls.

Vanquished Creatures
  An orc wizard (D:2)
  2 adders (D:2)
  4 orcs (D:2)
  A ball python (D:1)
  4 endoplasms
  3 goblins (D:1)
  3 hobgoblins
  4 kobolds
  2 bats (D:1)
  9 frilled lizards
33 creatures vanquished.

Vanquished Creatures (others)
  10 plants (D:1)
10 creatures vanquished.

Grand Total: 43 creatures vanquished

Notes
Turn   | Place    | Note
-------+----------+-------------------------------------------
     0 | D:1      | oldriver the Naga Hunter began the quest for the Orb.
     0 | D:1      | Reached XP level 1. HP: 19/19 MP: 1/1
   357 | D:1      | Reached XP level 2. HP: 26/26 MP: 2/2
  1061 | D:1      | Reached skill level 4 in Bows
  1227 | D:2      | Reached XP level 3. HP: 14/33 MP: 3/3
  1514 | D:2      | Reached XP level 4. HP: 26/40 MP: 4/4
  1789 | D:2      | Slain by a gnoll

Illustrated notes

Levels and vault maps discovered:
D:1:      psy_arrival_statuary, layout_loops_corners, serial_forest,
          infiniplex_forest_straight_4, infiniplex_forest_clump_medium,
          infiniplex_forest_lined_room_2, infiniplex_forest_corner_2,
          infiniplex_forest_clump_tiny, infiniplex_forest_clump_diagonal,
          minmay_lizard_king
D:2:      layout_basic, basic_altar, minmay_cut_off

Skill      XL: |  1  2  3 |
---------------+----------+-----
Stealth        | 2 3 |  3.4
Bows           | 4 |  4.5
Fighting       | |  2.7
Dodging        | |  1.5

Action                   |  1- 3 |  4- 6 || total
-------------------------+-------+-------++-------
Melee: Shortbow          |       |     1 ||     1
 Fire: Shortbow          |    49 |    20 ||    69
 Abil: Spit Poison       |     3 |     3 ||     6
  Use: Potion            |       |     2 ||     2
Armor: Leather armour    |     1 |     1 ||     2
Dodge: Dodged            |     7 |     3 ||    10

Table legend: (Time is in decaauts)
 A = Elapsed time spent in this place.
 B = Non-inter-level travel time spent in this place.
 C = Inter-level travel time spent in this place.
 D = Time resting spent in this place.
 E = Time spent auto-exploring this place.
 F = Levels seen in this place.
 G = Mean time per level.
                   A        B        C        D        E       F      G
               +--------+--------+--------+--------+--------+-----+--------+
         Total |   2244 |   2206 |     38 |    449 |   1542 |   2 | 1122.0 |
       Dungeon |   2244 |   2206 |     38 |    449 |   1542 |   2 | 1122.0 |
               +--------+--------+--------+--------+--------+-----+--------+

Top non-repeatable levels by time:
     D:1: 1590 daAuts
     D:2: 653 daAuts
